 Dungeon Crawl Stone Soup version 0.29-a0-352-g0917bc69df (webtiles) character file.

Game seed: 9376053589682128118

4906 101zpm the Magician (level 10, -2/74 HPs)
             Began as a Gnoll Air Elementalist on Apr 24, 2022.
             Slain by a troll (7 damage)
             ... on level 8 of the Dungeon.
             The game lasted 00:34:47 (9036 turns).

101zpm the Magician (Gnoll Air Elementalist)        Turns: 9036, Time: 00:34:47

Health: -2/74      AC: 12    Str:  7    XL:     10   Next: 51%
Magic:  29/30      EV: 15    Int: 18    God:
Gold:   420        SH:  0    Dex: 14    Spells: 6/23 levels left

rFire   . . .      SeeInvis +   p - +11 great mace of Okawaru's Castigation {vamp, SInv}
rCold   . . .      Faith    .   (shield currently unavailable)
rNeg    . . .      Spirit   .   f - +2 robe {Will+}
rPois   .          Reflect  .   J - +2 hat
rElec   .          Harm     .   B - +0 cloak
rCorr   .          Rampage  .   A - +2 pair of gloves
Will    +....                   d - +0 pair of boots
Stlth   +++.......              m - amulet of magic regeneration
HPRegen 0.22/turn               F - ring of magical power
MPRegen 0.62/turn               (no ring)

@: no status effects
A: fangs 1, strong nose, distributed training
a: no special abilities


You were on level 8 of the Dungeon.
You visited 1 branch of the dungeon, and saw 9 of its levels.
You also visited: Bailey.

You collected 420 gold pieces.

Inventory:

Hand Weapons
 p - the +11 great mace of Okawaru's Castigation (weapon) {vamp, SInv}
   (You found it on level 4 of the Dungeon)

   It occasionally heals its wielder for a portion of the damage dealt when it
   wounds a living foe.
   SInv:      It lets you see invisible.
 s - the +1 dagger "Jofudghoh" {flame, *Rage rF+ Will+}
   (You found it on level 4 of the Dungeon)

   It burns those it strikes, dealing additional fire damage.
   rF:        It protects you from fire.
   *Rage:     It berserks you when you make melee attacks (+20% chance).
   Will:      It increases your willpower.
Armour
 d - a +0 pair of boots (worn)
 f - a +2 robe of willpower (worn)
 z - +2 shadow dragon scales
 A - a +2 pair of gloves (worn)
 B - a +0 cloak (worn)
 J - a +2 hat (worn)
Jewellery
 m - an amulet of magic regeneration (around neck)
 t - an amulet of reflection
 F - a ring of magical power (left hand)
Wands
 k - a wand of flame (1)
Scrolls
 c - 4 scrolls of teleportation
 g - a scroll of silence {unknown}
 h - 3 scrolls of amnesia {unknown}
 i - 4 scrolls of fog {unknown}
 n - 4 scrolls of enchant armour {unknown}
 o - 2 scrolls of acquirement
 r - 4 scrolls of identify {unknown}
 y - 3 scrolls of immolation {unknown}
 C - 3 scrolls of enchant weapon {unknown}
 D - 3 scrolls of noise {unknown}
 E - 2 scrolls of vulnerability {unknown}
 G - a scroll of fear {unknown}
 K - a scroll of summoning {unknown}
 M - a scroll of blinking {unknown}
Potions
 a - a potion of flight {unknown}
 b - 3 potions of magic
 e - 2 potions of ambrosia {unknown}
 j - a potion of curing {unknown}
 l - 2 potions of degeneration {unknown}
 q - 2 potions of might {unknown}
 u - a potion of attraction {unknown}
 v - 3 potions of heal wounds {unknown}
 w - 3 potions of haste {unknown}
 x - a potion of resistance {unknown}
 H - a potion of lignification {unknown}
 I - a potion of brilliance {unknown}
 L - a potion of mutation {unknown}


   Skills:
 + Level 5.3 Fighting
 + Level 5.3 Short Blades
 + Level 5.3 Long Blades
 + Level 5.3 Axes
 + Level 5.3 Maces & Flails
 + Level 5.3 Polearms
 + Level 5.3 Staves
 + Level 5.3 Slings
 + Level 5.3 Bows
 + Level 5.3 Crossbows
 + Level 5.3 Throwing
 + Level 5.3 Armour
 + Level 7.1 Dodging
 + Level 6.9 Stealth
 + Level 5.3 Shields
 + Level 5.3 Unarmed Combat
 + Level 7.4 Spellcasting
 + Level 5.0 Conjurations
 + Level 4.4 Hexes
 + Level 4.4 Summonings
 + Level 4.4 Necromancy
 + Level 4.4 Translocations
 + Level 4.4 Transmutations
 + Level 4.4 Fire Magic
 + Level 4.4 Ice Magic
 + Level 7.1 Air Magic
 + Level 4.4 Earth Magic
 + Level 4.4 Poison Magic
 + Level 5.9 Invocations
 + Level 5.3 Evocations


You had 6 spell levels left.
You knew the following spells:

 Your Spells              Type           Power      Damage    Failure   Level
a - Shock                 Conj/Air       100%       1d9       1%          1
b - Static Discharge      Conj/Air       28%        N/A       1%          2
c - Swiftness             Air            32%        N/A       1%          3
d - Airstrike             Air            16%        N/A       5%          4
e - Slow                  Hex            88%        N/A       1%          1
f - Ensorcelled Hibernat  Hex/Ice        44%        N/A       2%          2
g - Confusing Touch       Hex            22%        N/A       4%          3
h - Apportation           Tloc           44%        N/A       1%          1

Your spell library contained the following spells:

 Spells                   Type           Power      Damage    Failure   Level
 Sting                    Tmut/Pois      88%        1d7       1%          1
 Poisonous Vapours        Pois/Air       54%        N/A       1%          2
 Blink                    Tloc           44%        N/A       2%          2
 Scorch                   Fire           44%        2d7       2%          2
 Gell's Gravitas          Tloc           22%        N/A       4%          3
 Lesser Beckoning         Tloc           22%        N/A       4%          3
 Spider Form              Tmut/Pois      22%        N/A       4%          3
 Teleport Other           Tloc           22%        N/A       4%          3
 Vampiric Draining        Necr           22%        2d7       4%          3
 Flame Wave               Conj/Fire      23%        2d7       16%         4
 Anguish                  Hex/Necr       11%        N/A       17%         4
 Olgreb's Toxic Radiance  Pois           22%        N/A       17%         4
 Petrify                  Tmut/Erth      22%        N/A       17%         4
 Alistair's Intoxication  Tmut/Pois      14%        N/A       43%         5
 Manifold Assault         Tloc           22%        N/A       43%         5
 Metabolic Englaciation   Hex/Ice        11%        N/A       43%         5
 Summon Forest            Summ/Tloc      11%        N/A       43%         5
 Summon Mana Viper        Hex/Summ       22%        N/A       43%         5
 Dispersal                Tloc           11%        N/A       95%         6
 Statue Form              Tmut/Erth      14%        N/A       95%         6
 Summon Cactus Giant      Summ           11%        N/A       95%         6


Dungeon Overview and Level Annotations

Branches:
Dungeon (9/15)             Bailey (visited)
 Temple: D:4-7         Lair: D:8-11         Orc: D:9-12

Altars:
Ashenzari
Makhleb
Xom
Yredelemnul


Innate Abilities, Weirdness & Mutations

You have very sharp teeth.
Your uncanny sense of smell can sniff out nearby items.
Your experience applies equally to all skills.


Message History

You hit the yak.
You feel better.
You bite the yak, but do no damage.
The yak is almost dead.
The yak closely misses you. The troll bites you. The troll claws you.
The troll claws you but does no damage.
You bludgeon the yak!!
You feel better.
You kill the yak!
The troll bites you! The troll barely misses you. The troll claws you.
The troll bites you! The troll claws you but does no damage.
The troll closely misses you.
Your Conjurations skill increases to level 5!
You hit the troll. Your bite misses the troll.
The troll is lightly wounded.
The troll bites you but does no damage. The troll claws you.
The troll claws you but does no damage.
You closely miss the troll. Your bite misses the troll. The troll bites you!
The troll claws you. The troll claws you but does no damage.
The troll bites you. The troll misses you. The troll claws you.
* * * LOW HITPOINT WARNING * * *
The troll misses you. The troll barely misses you.
The troll claws you but does no damage.
You climb upwards.
There is a stone staircase leading down here.
You see here a +0 whip.
The troll attacks as you move away! The troll closely misses you. x3
Casting: Airstrike (dangerous; 5% risk of failure)
Confirm with . or Enter, or press ? or * to list all spells.
Okay, then.
Casting: Airstrike (dangerous; 5% risk of failure)
Confirm with . or Enter, or press ? or * to list all spells.
Aiming: Slow (safe; 1% risk of failure)
Press: ? - help, Shift-Dir - straight line, f - troll
Aim: a troll (chance to affect: 62%)
The troll resists with significant effort.
The troll barely misses you. The troll claws you!
* * * LOW HITPOINT WARNING * * *
The troll claws you but does no damage. The troll attacks as you move away!
The troll bites you.
* * * LOW HITPOINT WARNING * * *
The troll closely misses you. The troll claws you!
You die...

...........#.....................
...........##.........).)........
..........................)......
.........).###.........#.)∩).....
...........# #.........#..)......
..........####...................
.........####.......#............
###########...........#...#......
######.#.[.@....###.........
#...#.>##.T...............##
#...#.###)....##.....>......
#........)).............#...
#.....##.).....#............
#...####.......#........#...
#...# ##.....##............ #...#
##...###........#... #...# #####
#........#...


You could see a troll.

Vanquished Creatures
  An orc sorcerer (Bailey)
  A kobold demonologist (Bailey)
  3 yaks (D:9)
  3 steam dragons
  2 acid dragons
  An ice beast (D:5)
  12 orc warriors (Bailey)
  A sky beast (D:6)
  4 phantoms
  2 kobold brigands
  3 bullfrogs
  A gnoll sergeant (D:8)
  A necrophage (D:4)
  2 scorpions
  3 wights (D:8)
  A vampire bat (D:3)
  2 electric eels (Bailey)
  2 hounds
  2 orc priests
  2 jellies
  Ijyb (D:3)
  Jessica (D:2)
  Terence (D:3)
  2 iguanas
  3 orc wizards
  Robin (D:3)
  5 adders
  12 gnolls
  An ufetubus (D:7)
  A worm (D:2)
  3 fire bats (D:3)
  30 orcs
  2 spectral bats (D:3)
  2 ball pythons
  3 bat skeletons (D:3)
  A bat zombie (D:3)
  11 endoplasms
  4 giant cockroaches
  17 goblins
  25 hobgoblins
  2 jackals (D:1)
  5 quokkas
  16 bats
  A bat simulacrum (D:3)
  9 frilled lizards
  10 kobolds
  6 rats
224 creatures vanquished.

Vanquished Creatures (others)
  A plant (D:2)
1 creature vanquished.

Grand Total: 225 creatures vanquished

Notes
Turn   | Place    | Note
-------+----------+-------------------------------------------
     0 | D:1      | 101zpm the Gnoll Air Elementalist began the quest for the
                  | Orb.
     0 | D:1      | Reached XP level 1. HP: 13/13 MP: 6/6
   322 | D:1      | Reached XP level 2. HP: 19/19 MP: 5/7
   416 | D:2      | Noticed Jessica
   419 | D:2      | Killed Jessica
   420 | D:2      | Reached skill level 5 in Spellcasting
   420 | D:2      | Reached XP level 3. HP: 25/25 MP: 4/9
   641 | D:2      | Reached skill level 1 in Invocations
   681 | D:2      | Reached skill level 1 in Fighting
   681 | D:2      | Reached skill level 1 in Short Blades
   681 | D:2      | Reached skill level 1 in Long Blades
   681 | D:2      | Reached skill level 1 in Axes
   681 | D:2      | Reached skill level 1 in Maces & Flails
   681 | D:2      | Reached skill level 1 in Polearms
   681 | D:2      | Reached skill level 1 in Staves
   681 | D:2      | Reached skill level 1 in Slings
   681 | D:2      | Reached skill level 1 in Bows
   681 | D:2      | Reached skill level 1 in Crossbows
   681 | D:2      | Reached skill level 1 in Throwing
   681 | D:2      | Reached skill level 1 in Armour
   681 | D:2      | Reached skill level 1 in Shields
   681 | D:2      | Reached skill level 1 in Unarmed Combat
   681 | D:2      | Reached skill level 1 in Evocations
   681 | D:2      | Reached XP level 4. HP: 32/32 MP: 6/11
   905 | D:2      | Found a faded altar of an unknown god.
   910 | D:2      | Reached skill level 1 in Hexes
   910 | D:2      | Reached skill level 1 in Summonings
   910 | D:2      | Reached skill level 1 in Necromancy
   910 | D:2      | Reached skill level 1 in Translocations
   910 | D:2      | Reached skill level 1 in Transmutations
   910 | D:2      | Reached skill level 1 in Fire Magic
   910 | D:2      | Reached skill level 1 in Ice Magic
   910 | D:2      | Reached skill level 1 in Earth Magic
   910 | D:2      | Reached skill level 1 in Poison Magic
  1441 | D:2      | Learned a level 2 spell: Static Discharge
  1445 | D:2      | Learned a level 3 spell: Swiftness
  1450 | D:2      | Learned a level 4 spell: Airstrike
  1459 | D:3      | Reached XP level 5. HP: 30/37 MP: 9/12
  1547 | D:3      | Noticed Ijyb
  1571 | D:3      | Killed Ijyb
  1652 | D:3      | Noticed Terence
  1656 | D:3      | Killed Terence
  1726 | D:3      | Noticed Robin
  2037 | D:3      | Killed Robin
  2150 | D:3      | Reached XP level 6. HP: 44/44 MP: 3/13
  2774 | D:3      | Reached skill level 5 in Dodging
  3329 | D:4      | Found a burning altar of Makhleb.
  3345 | D:4      | Identified the +11 great mace of Okawaru's Castigation
                  | {vamp, SInv}
  3465 | D:4      | Identified the +1 dagger "Jofudghoh" {flame, *Rage rF+
                  | Will+}
  3628 | D:4      | Reached XP level 7. HP: 45/51 MP: 9/15
  4293 | D:1      | Reached skill level 5 in Stealth
  4585 | D:5      | Entered Level 5 of the Dungeon
  4626 | D:5      | Reached XP level 8. HP: 48/57 MP: 16/16
  5131 | D:6      | Found a broken altar of Ashenzari.
  5832 | D:7      | Reached XP level 9. HP: 40/65 MP: 18/18
  6038 | D:7      | Found a shimmering altar of Xom.
  6283 | D:7      | Found a basalt altar of Yredelemnul.
  6377 | D:8      | Found a flagged portal.
  6421 | Bailey   | Entered a bailey
  6439 | Bailey   | Learned a level 1 spell: Slow
  6442 | Bailey   | Learned a level 2 spell: Ensorcelled Hibernation
  6446 | Bailey   | Learned a level 3 spell: Confusing Touch
  6974 | Bailey   | Learned a level 1 spell: Apportation
  7281 | Bailey   | Noticed an orc sorcerer
  7285 | Bailey   | Killed an orc sorcerer
  7286 | Bailey   | Reached skill level 5 in Invocations
  7691 | Bailey   | Reached XP level 10. HP: 64/73 MP: 20/20
  7775 | Bailey   | Noticed a kobold demonologist
  7782 | Bailey   | Killed a kobold demonologist
  7783 | Bailey   | Reached skill level 5 in Fighting
  7783 | Bailey   | Reached skill level 5 in Short Blades
  7783 | Bailey   | Reached skill level 5 in Long Blades
  7783 | Bailey   | Reached skill level 5 in Axes
  7783 | Bailey   | Reached skill level 5 in Maces & Flails
  7783 | Bailey   | Reached skill level 5 in Polearms
  7783 | Bailey   | Reached skill level 5 in Staves
  7783 | Bailey   | Reached skill level 5 in Slings
  7783 | Bailey   | Reached skill level 5 in Bows
  7783 | Bailey   | Reached skill level 5 in Crossbows
  7783 | Bailey   | Reached skill level 5 in Throwing
  7783 | Bailey   | Reached skill level 5 in Armour
  7783 | Bailey   | Reached skill level 5 in Shields
  7783 | Bailey   | Reached skill level 5 in Unarmed Combat
  7783 | Bailey   | Reached skill level 5 in Evocations
  7829 | Bailey   | Found an iron altar of Okawaru.
  9024 | D:9      | Reached skill level 5 in Conjurations
  9036 | D:8      | Slain by a troll

Illustrated notes

Levels and vault maps discovered:
D:1:      psy_arrival_dodecagon, layout_rooms, hex_intersection,
          minmay_lizard_pond
D:2:      layout_basic, shapermc_ecumenical_altar_mp_urbaneastern, uniq_jessica
D:3:      layout_rooms, goddamned_bats, uniq_terence, uniq_robin, uniq_ijyb
D:4:      layout_basic, lemuel_doored_altar, serial_bayou_ford_a
D:5:      layout_basic, grunt_qazlal_sundering, temple_green, serial_shops,
          shop, minmay_misc_feat_four_crosses
D:6:      layout_loops_corners, ashenzari_conservatory_becter,
          minmay_misc_feat_hallway
D:7:      layout_rooms, lemuel_round_altar, mainiacjoe_overflow_cross_hatched,
          kennysheep_generic_room_12
D:8:      layout_rooms, enter_bailey_2
D:9:      layout_cave_pools, palyth_temple_overflow_mages,
          mainiacjoe_overflow_boulevard, kennysheep_small_square,
          uniq_prince_ribbit1

Skill      XL: |  1  2  3  4  5  6  7  8  9 10 |
---------------+-------------------------------+-----
Conjurations   | 2 3 4 5 |  5.0
Spellcasting   | 5 6 7 |  7.4
Invocations    | 1 2 3 4 5 |  5.9
Fighting       | 1 2 3 4 5 |  5.3
Short Blades   | 1 2 3 4 5 |  5.3
Long Blades    | 1 2 3 4 5 |  5.3
Axes           | 1 2 3 4 5 |  5.3
Maces & Flails | 1 2 3 4 5 |  5.3
Polearms       | 1 2 3 4 5 |  5.3
Staves         | 1 2 3 4 5 |  5.3
Slings         | 1 2 3 4 5 |  5.3
Bows           | 1 2 3 4 5 |  5.3
Crossbows      | 1 2 3 4 5 |  5.3
Throwing       | 1 2 3 4 5 |  5.3
Armour         | 1 2 3 4 5 |  5.3
Shields        | 1 2 3 4 5 |  5.3
Unarmed Combat | 1 2 3 4 5 |  5.3
Evocations     | 1 2 3 4 5 |  5.3
Hexes          | 1 2 3 4 |  4.4
Summonings     | 1 2 3 4 |  4.4
Necromancy     | 1 2 3 4 |  4.4
Translocations | 1 2 3 4 |  4.4
Transmutations | 1 2 3 4 |  4.4
Fire Magic     | 1 2 3 4 |  4.4
Ice Magic      | 1 2 3 4 |  4.4
Earth Magic    | 1 2 3 4 |  4.4
Poison Magic   | 1 2 3 4 |  4.4
Dodging        | 5 6 7 |  7.1
Stealth        | 5 6 |  6.9
Air Magic      | 6 7 |  7.1

Action                   |  1- 3 |  4- 6 |  7- 9 | 10-12 || total
-------------------------+-------+-------+-------+-------++-------
Melee: Unarmed           |       |    13 |       |       ||    13
       Bite              |       |     1 |     5 |     3 ||     9
       Great mace        |       |     1 |    47 |    29 ||    77
 Cast: Shock             |    31 |   181 |   183 |    28 ||   423
       Airstrike         |       |       |    22 |    29 ||    51
       Slow              |       |       |       |     1 ||     1
  Use: Scroll            |       |       |     1 |       ||     1
 Stab: Sleeping          |       |       |     2 |       ||     2
Armor: Robe              |       |    23 |    23 |    17 ||    63
Dodge: Dodged            |       |    74 |    59 |    45 ||   178

Table legend: (Time is in decaauts)
 A = Elapsed time spent in this place.
 B = Non-inter-level travel time spent in this place.
 C = Inter-level travel time spent in this place.
 D = Time resting spent in this place.
 E = Time spent auto-exploring this place.
 F = Levels seen in this place.
 G = Mean time per level.
                   A        B        C        D        E       F      G
               +--------+--------+--------+--------+--------+-----+--------+
         Total |   9105 |   8740 |    365 |   2843 |   4507 |  10 |  910.5 |
       Dungeon |   7321 |   6956 |    365 |   1754 |   4215 |   9 |  813.4 |
        Bailey |   1783 |   1783 |      0 |   1089 |    292 |   1 | 1783.0 |
               +--------+--------+--------+--------+--------+-----+--------+

Top non-repeatable levels by time:
  Bailey: 1783 daAuts
     D:2: 1582 daAuts
     D:3: 1437 daAuts
     D:6: 862 daAuts
     D:4: 859 daAuts
     D:1: 724 daAuts
     D:7: 654 daAuts
     D:8: 644 daAuts
     D:9: 326 daAuts
     D:5: 231 daAuts
